 Dungeon Crawl Stone Soup version 0.31-a0-1068-g5939ac1fb6 (webtiles) character file.

Game seed: 8901855799815446532

4 Azuregosa the Sneak (level 1, 0/16 HPs)
             Began as an Octopode Delver on Nov 25, 2023.
             Was an Initiate of Gozag.
             Slain by a kobold brigand
             ... wielding a +0 short sword
              (7 damage)
             ... on level 4 of the Dungeon.
             The game lasted 00:01:08 (96 turns).

Azuregosa the Sneak (Octopode Delver)                 Turns: 96, Time: 00:01:09

Health: 0/16       AC:  1    Str: 11    XL:     1   Next: 60%
Magic:  1/1        EV: 13    Int: 12    God:    Gozag
Gold:   11         SH:  0    Dex: 13    Spells: 0/0 levels left

rFire   . . .        a - +0 short sword
rCold   . . .        (no shield)
rNeg    . . .        (helmet restricted)
rPois   .            (no amulet)
rElec   .            (no ring)
rCorr   .            (no ring)
SInv    .            (no ring)
Will    .....        (no ring)
Stlth   ++++         (no ring)
HPRegen 0.22/turn    (no ring)
MPRegen 0.07/turn    (no ring)
                     (no ring)

%: no passive effects
@: no status effects
A: almost no armour, amphibious, 8 rings, camouflage 1, gelatinous body 1,
(nimble swimmer 1), tentacles
a: Renounce Religion, Potion Petition, Call Merchant, Bribe Branch


You were on level 4 of the Dungeon.
You worshipped Gozag.
Gozag was noncommittal.
You visited 2 branches of the dungeon, and saw 3 of its levels.

You collected 22 gold pieces.
You paid 11 gold pieces to Gozag.

Inventory:

Hand Weapons
 a - a +0 short sword (weapon)
Wands
 c - a wand of roots (6)
 f - a wand of digging (3)
Scrolls
 b - a scroll of fog
 d - a scroll of fear
Potions
 e - 2 potions of haste


   Skills:
 - Level 3.0 Fighting
 - Level 2.0 Short Blades
 - Level 2.0 Dodging
 + Level 6.9 Stealth


You couldn't memorise any spells.
You didn't know any spells.
Your spell library was empty.

Dungeon Overview and Level Annotations

Branches:
Dungeon (5/15)             Temple (1/1) D:5

Altars:
Fedhas
Gozag
Kikubaaqudgha
Makhleb
Okawaru
Qazlal
Sif Muna
Wu Jian
Xom
Yredelemnul
The Shining One


Innate Abilities, Weirdness & Mutations

You cannot wear most types of armour.
You are amphibious.
You can wear up to eight rings at the same time.
Your skin changes colour to match your surroundings (Stealth+).
Your rubbery body absorbs attacks. (AC +1, EV +1)
((You are camouflaged when in or above water. (Stealth+)))
You have tentacles for arms and can constrict up to eight enemies at once.


Message History

You pay a service fee of 11 gold.
There is a staircase back to the Dungeon here.
You climb upwards.
There is a staircase to the Ecumenical Temple here.
There is an open door here.
There is an open door here.
There is a stone staircase leading up here.
You climb upwards.
Found a jewelled iron wand and a sling.
Found an escape hatch in the ceiling.
There is a stone staircase leading down here.
Found a stone staircase leading up.
You hit the dart slug. You grab the dart slug. You squeeze the dart slug.
The dart slug is heavily wounded.
You constrict the dart slug. The dart slug barely misses you.
You hit the dart slug.
You kill the dart slug!
The giant cockroach is distracted by your dazzling golden aura.
The giant cockroach is no longer distracted by gold.
You hit the giant cockroach. You grab the giant cockroach.
The giant cockroach is almost dead.
You constrict the giant cockroach.
You kill the giant cockroach!
You now have 5 gold pieces (gained 3).
There is a stone staircase leading down here.
You now have 11 gold pieces (gained 6).
c - a wand of roots (6)
A kobold brigand comes into view.
It is wielding a +0 short sword and quivering curare-tipped darts.
The kobold brigand shouts!
You hear a shout!
An orc wizard comes into view. It is wielding a +0 dagger.
Found 3 stones. 2 orcs come into view.
The orc shouts!
You hear a shout!
An orc comes into view. It is wielding a +0 short sword.
An orc comes into view. It is wielding a +0 short sword.
The orc shouts!
The kobold brigand hits you with a +0 short sword.
The kobold brigand hits you with a +0 short sword!
The kobold brigand hits you with a +0 short sword!
You die...
Your body crumbles into a pile of gold.

.....)............#
.#
#................#..
#................#.#
#................#.#
#.....>......<.....#
##................##
#......##........#
#############K...#
#.@..# #(o..# #....#
#....# #..o.# #.oo.#
#.o..# ######


You could see a kobold brigand, an orc wizard (wandering) and 4 orcs.

Vanquished Creatures
  A dart slug (D:4)
  A giant cockroach (D:4)
2 creatures vanquished.

Notes
Turn   | Place    | Note
-------+----------+-------------------------------------------
     0 | D:5      | Azuregosa the Octopode Delver began the quest for the Orb.
     0 | D:5      | Reached XP level 1. HP: 16/16 MP: 1/1
    26 | D:5      | Found a staircase to the Ecumenical Temple.
    32 | D:5      | Noticed a hound
    35 | Temple   | Entered the Ecumenical Temple
    41 | Temple   | Became a worshipper of Gozag Ym Sagoz the Greedy
    91 | D:4      | Noticed a kobold brigand
    92 | D:4      | Noticed an orc wizard
    96 | D:4      | Slain by a kobold brigand

Illustrated notes

Levels and vault maps discovered:
D:4:      layout_rooms, wad_floor_pattern_untrapped, uniq_natasha, uniq_sigmund
D:5:      layout_loops_corners, marbit_many_paths, lemuel_crystal_altar,
          minmay_temple_entry_drinking_statues, uniq_prince_ribbit1, uniq_edmund
Temple:   minmay_freezing_vapour_temple

Action                     || total
---------------------------++-------
  Melee: Short sword       ||     3
         Constrict         ||     2
         Tentacles         ||     1
    Use: Scroll            ||     1
 Armour: Skin              ||     3
  Dodge: Dodged            ||     1

Table legend: (Time is in decaauts)
 A = Elapsed time spent in this place.
 B = Non-inter-level travel time spent in this place.
 C = Inter-level travel time spent in this place.
 D = Time resting spent in this place.
 E = Time spent auto-exploring this place.
 F = Levels seen in this place.
 G = Mean time per level.
                   A        B        C        D        E       F      G
               +--------+--------+--------+--------+--------+-----+--------+
         Total |     95 |     95 |      0 |      0 |      0 |   3 |   31.7 |
       Dungeon |     84 |     84 |      0 |      0 |      0 |   2 |   42.0 |
        Temple |     11 |     11 |      0 |      0 |      0 |   1 |   11.0 |
               +--------+--------+--------+--------+--------+-----+--------+

Top non-repeatable levels by time:
     D:5: 61 daAuts
     D:4: 22 daAuts
  Temple: 11 daAuts
